 Dungeon Crawl Stone Soup version 0.31-a0-217-g58bb5d79cf (webtiles) character file.

Game seed: 11631805698966461165

189 qw the Chopper (level 5, -2/33 HPs)
             Began as a Gargoyle Fighter on July 2, 2023.
             Slain by a gnoll
             ... wielding a +0 halberd
             ... led by a gnoll bouda
              (10 damage)
             ... on level 5 of the Dungeon.
             The game lasted 00:01:03 (2491 turns).

qw the Chopper (Gargoyle Fighter)                   Turns: 2491, Time: 00:01:03

Health: -2/33      AC: 20    Str: 22    XL:     5   Next: 68%
Magic:  5/5        EV:  6    Int:  8    God:
Gold:   149        SH:  4    Dex:  9    Spells: 4/4 levels left

rFire   . . .        Y - +0 war axe
rCold   . . .        c - +0 buckler
rNeg    + . .        b - +0 plate armour
rPois   inf          f - +0 helmet
rElec   +            (no cloak)
rCorr   .            (no gloves)
SInv    .            (no boots)
Will    .....        (no amulet) Stlth
                     j - +4 ring of protection
HPRegen 0.25/turn    (no ring)
MPRegen 0.09/turn

%: no passive effects
@: weakened
A: sickness immunity, AC +4, negative energy resistance 1, electricity
resistance, torment resistance 1, petrification resistance
a: no special abilities


You were on level 5 of the Dungeon.
You visited 1 branch of the dungeon, and saw 4 of its levels.

You collected 149 gold pieces.


Innate Abilities, Weirdness & Mutations

You are immune to sickness and miasma.
Your stone body is resilient. (AC +4)
You are immune to poison.
You resist negative energy. (rN+)
You are resistant to electric shocks. (rElec)
You are resistant to unholy torment.
You are immune to petrification.


   Skills:
 + Level 3.7 Fighting
 - Level 5.0 Axes
 - Level 3.2 Armour
 - Level 3.2 Shields


You had 4 spell levels left.
You didn't know any spells.
Your spell library was empty.

Inventory:

Hand Weapons
 o - a +0 mace
 Y - a +0 war axe (weapon)
Armour
 b - a +0 plate armour (worn)
 c - a +0 buckler (worn)
 f - a +0 helmet (worn)
Jewellery
 j - a +4 ring of protection (left hand)
Scrolls
 a - 2 scrolls of identify
 e - 2 scrolls of teleportation {unknown}
 n - a scroll of fog {unknown}
Potions
 d - a potion of might
 g - a potion of attraction
 h - a potion of magic
 i - a potion of lignification {unknown}
 k - a potion of brilliance {unknown}
 m - a potion of degeneration {unknown}

Dungeon Overview and Level Annotations

Branches:
Dungeon (3/15)

Altars:
Vehumet


Message History

Your attacks no longer feel as feeble.
You block the adder's attack. The gnoll hits you but does no damage.
The adder closely misses you. The gnoll barely misses you.
You barely miss the adder.
The adder is moderately wounded.
The gnoll hits you from afar with a +0 halberd.
The adder bites you but does no damage. The gnoll hits you but does no damage.
A howler monkey comes into view.
The gnoll hits you from afar with a +0 halberd.
The adder bites you but does no damage. The gnoll completely misses you.
You closely miss the adder.
The adder is moderately wounded.
The gnoll hits you from afar with a +0 halberd.
The howler monkey hoots and howls with incredible vigour!
The adder bites you but does no damage. The gnoll hits you but does no damage.
You slash the adder!
You kill the adder!
The gnoll barely misses you. The gnoll closely misses you.
The gnoll hits you but does no damage.
The gnoll hits you from afar with a +0 halberd.
You slash the gnoll bouda!
The gnoll bouda is almost dead.
You block the gnoll's attack.
The gnoll hits you from afar with a +0 halberd. x2
The gnoll bouda gazes fiercely through you!
You feel your attacks grow feeble.
The gnoll bouda hits you but does no damage.
You closely miss the gnoll bouda.
The gnoll bouda is almost dead.
The gnoll hits you but does no damage. x2; The gnoll barely misses you.
The gnoll bouda gazes fiercely through you!
You feel as though you will be weak longer.
The gnoll bouda barely misses you. The gnoll hits you but does no damage.
You hear a shout!
You slash the gnoll bouda!
You kill the gnoll bouda!
You hear a shout!
You block the gnoll's attack. The gnoll barely misses you.
The gnoll hits you from afar with a +0 halberd!
You die...

### #.## #..## ##..##
#### #...######..##
##........)..##
####....####....g#####
#.....### ###@hg..<..
###..## ##%...... #..#
.g....# ##)# ...####
##.# ...# #..# #...
#..# #.>. #..# ####
#.##


You could see a howler monkey and 3 gnolls.

Vanquished Creatures
  A centaur (D:5)
  A gnoll bouda (D:5)
  A statue (D:3)
  A gnoll (D:5)
  2 adders (D:5)
  A worm (D:2)
  A dart slug (D:2)
  3 orcs (D:3)
  6 endoplasms
  3 giant cockroaches
  4 goblins
  2 hobgoblins (D:1)
  4 jackals (D:1)
  3 quokkas
  7 ball pythons
  A bat (D:2)
  5 frilled lizards
  3 kobolds (D:1)
  8 rats
57 creatures vanquished.

Notes
Turn   | Place    | Note
-------+----------+-------------------------------------------
     0 | D:1      | qw the Gargoyle Fighter began the quest for the Orb.
     0 | D:1      | Reached XP level 1. HP: 14/14 MP: 1/1
     0 | D:1      | 0 ||| qw: Version: 0.3-a-40-ge99b1a8
     0 | D:1      | 0 ||| qw: Game counter: 217
     0 | D:1      | 0 ||| qw: Melee chars always use a shield: true
     0 | D:1      | 0 ||| qw: God list: Okawaru
     0 | D:1      | 0 ||| qw: Allow faded altars: false
     0 | D:1      | 0 ||| qw: Do Orc after clearing Dungeon:15 true
     0 | D:1      | 0 ||| qw: Do second Lair branch before Depths: true
     0 | D:1      | 0 ||| qw: Lair rune preference: random
     0 | D:1      | 0 ||| qw: Goals: Normal, Zot:1-4, Slime:5, God:TSO, Crypt,
                  | Tomb, Abyss, Pan, Hells, Win
     0 | D:1      | 0 ||| PLANNING D:1-11
    41 | D:1      | Reached skill level 2 in Axes
    46 | D:1      | 46 ||| Stepping ~*~*~tactically~*~*~ (stealth).
    57 | D:1      | Reached XP level 2. HP: 16/19 MP: 2/2
   271 | D:1      | 271 ||| Stepping ~*~*~tactically~*~*~ (stealth).
   281 | D:1      | 281 ||| Stepping ~*~*~tactically~*~*~ (stealth).
   288 | D:1      | 288 ||| Stepping ~*~*~tactically~*~*~ (stealth).
   335 | D:1      | Reached skill level 3 in Axes
   390 | D:1      | Reached XP level 3. HP: 23/23 MP: 3/3
   426 | D:1      | 426 ||| Stepping ~*~*~tactically~*~*~ (hiding).
   427 | D:1      | 427 ||| Stepping ~*~*~tactically~*~*~ (hiding).
   428 | D:1      | 428 ||| Stepping ~*~*~tactically~*~*~ (hiding).
   446 | D:1      | 446 ||| DROPPING +0 club.
   731 | D:1      | 731 ||| UPGRADING to +0 chain mail.
   741 | D:1      | 741 ||| DROPPING +0 scale mail.
   742 | D:1      | 742 ||| UPGRADING to +0 helmet.
   747 | D:1      | 747 ||| READING scroll labelled NUATIA DAELI.
   748 | D:1      | 748 ||| READING scroll labelled HUURISURRIU.
   749 | D:1      | 749 ||| READING scroll labelled FUCRIF VAUFOUT.
   833 | D:2      | 833 ||| Stepping ~*~*~tactically~*~*~ (stealth).
  1190 | D:2      | 1190 ||| Stepping ~*~*~tactically~*~*~ (hiding).
  1338 | D:2      | Found a faded altar of an unknown god.
  1593 | D:2      | 1593 ||| UPGRADING to +0 plate armour.
  1603 | D:2      | 1603 ||| DROPPING +0 chain mail.
  1604 | D:2      | 1604 ||| UPGRADING to +4 ring of protection.
  1605 | D:2      | 1605 ||| READING scroll labelled COC NAAKETY.
  1606 | D:2      | 1606 ||| DRINKING 2 sapphire potions.
  1607 | D:2      | 1607 ||| DRINKING 2 smoky inky potions.
  1741 | D:3      | Found a radiant altar of Vehumet.
  1743 | D:3      | Noticed a charred statue
  1754 | D:3      | Killed a charred statue
  1755 | D:3      | Reached skill level 4 in Axes
  1755 | D:3      | Reached XP level 4. HP: 28/28 MP: 4/4
  1889 | D:3      | 1889 ||| Stepping ~*~*~tactically~*~*~ (stealth).
  2128 | D:3      | 2128 ||| DROPPING +0 whip.
  2328 | D:3      | You fall into a shaft and drop 2 floors!
  2328 | D:5      | Entered Level 5 of the Dungeon
  2331 | D:5      | Noticed a centaur
  2332 | D:5      | 2332 ||| Stepping ~*~*~tactically~*~*~ (hiding).
  2339 | D:5      | Killed a centaur
  2340 | D:5      | Reached skill level 5 in Axes
  2340 | D:5      | Reached XP level 5. HP: 32/32 MP: 5/5
  2489 | D:5      | HP: 7/33 [gnoll/+0 halberd[a gnoll bouda] (5)]
  2491 | D:5      | Slain by a gnoll

Levels and vault maps discovered:
D:1:      onia_arrival_handbag, layout_loops_cross
D:2:      layout_loops_ring, hellmonk_ecumenical_altar_run_dry
D:3:      layout_loops_corners, vehumet_statue
D:5:      layout_layer_cave, lemuel_zombie_altar_yredelemnul, uniq_duvessa,
          uniq_pikel

Skill      XL: |  1  2  3  4 |
---------------+-------------+-----
Axes           | 2 3 4 5 |  5.0
Fighting       | |  3.7
Armour         | |  3.2
Shields        | |  3.2

Action                     |  1- 3 |  4- 6 || total
---------------------------+-------+-------++-------
  Melee: War axe           |   112 |    41 ||   153
    Use: Scroll            |     4 |       ||     4
         Potion            |     2 |       ||     2
 Armour: Scale mail        |    46 |       ||    46
         Chain mail        |     8 |       ||     8
         Plate armour      |     2 |    40 ||    42
  Dodge: Dodged            |    49 |    15 ||    64
  Block: Buckler           |    18 |     7 ||    25

Table legend:
 A = Non-vault XP
 B = Vault XP
 C = Vault XP percentage of total XP
 D = Non-vault monster count
 E = Vault monster count
 F = Vault count percentage of total count
                 A         B        C        D         E       F
            +---------+---------+-------+---------+---------+-------
      Total |     275 |      37 |  11.9 |      52 |       5 |   8.8
            +---------+---------+-------+---------+---------+-------
        D:1 |      46 |       5 |   9.8 |      29 |       4 |  12.1
        D:2 |      15 |       0 |   0.0 |       6 |       0 |   0.0
        D:3 |      24 |      32 |  57.1 |      12 |       1 |   7.7
        D:5 |     190 |       0 |   0.0 |       5 |       0 |   0.0
            +---------+---------+-------+---------+---------+-------
